 Dungeon Sprint DCSS version 0.21.1-1-g345015f (webtiles) character file.

313356 Psiloshibe the Barachian Ballista (level 19, -3/189 HPs)
             Began as a Barachi Berserker on June 24, 2018.
             Was a High Priest of Trog.
             Killed from afar by an orb of fire (23 damage)
             ... with a fireball
             ... in the Dungeon (Sprint IX: "|||||||||||||||||||||||||||||").
             The game lasted 00:59:38 (8465 turns).

Psiloshibe the Barachian Ballista (BaBe)            Turns: 8465, Time: 00:59:39

Health: -3/189     AC: 41    Str: 33    XL:     19   Next: 81%
Magic:  7/7        EV: 22    Int: 12    God:    Trog [*****.]
Gold:   1952       SH: 33    Dex: 15    Spells: 20/20 levels left

rFire    + . .     SeeInvis +   n - +4 double sword (antimagic)
rCold    . . .     Gourm    .   q - +4 large shield {reflect}
rNeg     . . .     Faith    .   W - +3 gold dragon scales
rPois    +         Spirit   .   r - +1 helmet
rElec    .         Reflect  +   C - +0 cloak {MR+}
rCorr    .         Harm     .   y - +2 pair of gloves
MR       ++...     NoTele   +   x - +0 pair of boots {Fly}
Stlth    ..........             O - amulet of regeneration
HPRegen  1.21/turn              U - +6 ring of strength
MPRegen  0.10/turn              u - ring "Dyrhi" {rPois rC- Str+7 Int+3 SInv}

@: flying, slow
A: +LOS, swims, agile 1, deterioration 1, high mp 1, regeneration 1, slowness 1,
weak 2, subdued magic 1, strong legs 2
}: 5/15 runes: decaying, serpentine, barnacled, silver, gossamer
a: Hop, Berserk, Trog's Hand, Brothers in Arms, Burn Spellbooks, Renounce
Religion, Stop Flying


You were in the Dungeon.
You worshipped Trog.
Trog was extremely pleased with you.
You were not hungry.

You visited 1 branch You collected 1952 gold pieces.

Inventory:

Hand Weapons
 a - a +6 demon blade of electrocution
 b - a +4 blowgun
 j - a +3 triple sword of holy wrath
 n - a +4 antimagic double sword (weapon)
 p - a +3 war axe
 I - a +2 double sword of holy wrath
 K - a +3 antimagic demon blade
 R - the +10 rapier of Weamuut {protect, rC+}
   (Trog gifted it to you in the Dungeon)

   It protects the one who uses it against injury (+AC on strike).
   It protects you from cold.
 X - the +8 double sword "Grim" {vamp, rPois rN+}
   (Trog gifted it to you in the Dungeon)

   It inflicts no extra harm, but heals its wielder when it wounds a living foe.
   It protects you from poison.
   It protects you from negative energy.
Missiles
 g - 20 needles of frenzy
 w - 41 needles of sleeping
 D - 19 needles of confusion
 E - 14 javelins of returning (quivered)
 G - 46 poisoned javelins
 H - 11 tomahawks of dispersal
 J - 6 exploding tomahawks
 N - 10 steel javelins
 P - 5 steel tomahawks
 S - 5 silver tomahawks
 Z - 11 needles of paralysis
Armour
 q - a +4 large shield of reflection (worn)
 r - a +1 helmet (worn)
 x - a +0 pair of boots of flying (worn)
 y - a +2 pair of gloves (worn)
 C - a +0 cloak of magic resistance (worn)
 W - +3 gold dragon scales (worn)
Jewellery
 u - the ring "Dyrhi" (right hand) {rPois rC- Str+7 Int+3 SInv}
   (You found it in the Dungeon)

   [ring of intelligence]

   It affects your strength (+7).
   It affects your intelligence (+3).
   It makes you vulnerable to cold.
   It protects you from poison.
   It lets you see invisible.
 L - the amulet "Laotov" {Faith Int+6 Stlth-}
   (You found it in the Dungeon)

   [amulet of faith]

   It allows you to gain divine favour quickly.
   It affects your intelligence (+6).
   It makes you less stealthy.
 O - an amulet of regeneration (around neck)
 Q - the ring "Ludwif" {MR+ Str+3 Stlth+}
   (You found it in the Dungeon)

   [ring of strength]

   It affects your strength (+3).
   It affects your resistance to hostile enchantments.
   It makes you more stealthy.
 U - a +6 ring of strength (left hand)
Wands
 m - a wand of acid (11)
 A - a wand of polymorph (15)
Scrolls
 i - 7 scrolls of blinking
 l - 5 scrolls of remove curse
 t - 7 scrolls of fog
 v - 6 scrolls of enchant armour
 z - 3 scrolls of identify
 M - a scroll of fear
Potions
 d - 12 potions of curing
 e - 12 potions of heal wounds
 f - 10 potions of haste
 h - 5 potions of berserk rage
 k - a potion of invisibility
 o - 3 potions of agility
 s - a potion of brilliance
 B - 4 potions of might
Comestibles
 c - 9 rations


   Skills:
 O Level 27 Fighting
 + Level 4.1(17.8) Short Blades
 O Level 27 Long Blades
 + Level 2.9 Axes
 O Level 27 Throwing
 O Level 27 Armour
 * Level 24.9 Dodging
 * Level 18.0 Stealth
 O Level 27 Shields
 * Level 15.6 Unarmed Combat
 - Level 1.0 Spellcasting
 + Level 3.6 Evocations


You had 20 spell levels left.
You didn't know any spells.

Dungeon Overview and Level Annotations

Branches:
Dungeon (1/1)

Altars:
Cheibriados
Dithmenos
Elyvilon
Fedhas
Gozag
Hepliaklqana
Kikubaaqudgha
Makhleb
Nemelex Xobeh
Okawaru
Qazlal
Ru
Sif Muna
Trog
Uskayaw
Vehumet
Wu Jian
Xom
Yredelemnul
Zin
The Shining One
Beogh
Jiyva
Lugonu

Shops:
D *[?(


Innate Abilities, Weirdness & Mutations

Shadows flee at your approach. (+LOS)
You can swim through water.
You cover ground slowly.
You can hop long distances.
You are agile. (Dex +2)
Your body sometimes deteriorates upon taking damage.
You have an increased reservoir of magic. (+10% MP)
Your natural rate of healing is unusually fast.
You are very weak. (Str -4)
Your spells are a little easier to cast, but a little less powerful.


Message History

You block the electric golem's attack.
The electric golem completely misses you.
You block the electric golem's attack.
The electric golem completely misses you.
Unknown command.
Throwing (i - inventory. (,) - cycle):
F - a silver javelin (quivered)
Press: ? - help, Shift-Dir - straight line, f/p - orb of fire
Aim: an orb of fire (almost destroyed, chaotic)
You throw a silver javelin.
The silver javelin hits the orb of fire!!!
The silver sears the orb of fire!
You destroy the orb of fire!
Trog accepts your kill.
Your base Short Blades skill increases to level 4!
Your Stealth skill increases to level 18!
Your Unarmed Combat skill increases to level 15!
The electric golem blinks!
The orb of fire glows bright magenta.
The fireball explodes!
The fireball engulfs you! You resist.
You die...

.........[[[[[[)..)))))))...."...
▓▓▓▓▓▓▓▓▓▓▓▓▓▓▓▓▓▓▓▓▓▓▓▓▓▓▓▓▓▓▓▓▓
.................................
▓▓▓▓▓▓▓▓▓▓▓▓▓▓▓▓▓▓▓▓▓▓▓▓▓▓▓▓▓▓▓▓▓
))))....)))[...)(.'.........))))[
▓▓▓▓▓▓▓▓▓▓▓▓▓▓▓▓▓▓▓▓▓▓▓▓▓▓▓▓▓▓▓▓▓
.................................
▓▓▓▓▓▓▓▓▓▓▓▓▓▓▓▓▓▓▓▓▓▓▓▓▓▓▓▓▓▓▓▓▓
(†X..§(q)(((*(@§..8..)'...)[=).
▓▓▓▓▓▓▓▓▓▓▓▓▓▓▓▓▓▓▓▓▓▓▓▓▓▓▓▓▓▓▓


You could see an orb of fire, an electric golem and a red draconian shifter.

Vanquished Creatures
  4 orbs of fire (D)
  Mara (D)
  3 ancient liches (D)
  Frederick (D)
  A curse toe (D)
  A Killer Klown (D)
  2 golden dragons (D)
  Jory (D)
  Nikola (D)
  A bone dragon (D)
  5 electric golems (D)
  2 tentacled monstrosities (D)
  13 Orb Guardians (D)
  4 quicksilver dragons (D)
  A deep elf master archer (D)
  A titan (D)
  A death cob (D)
  5 shadow dragons (D)
  8 nagarajas (D)
  Ilsuiw (D)
  A fire giant (D)
  A draconian monk (D)
  2 ghost moths (D)
  A draconian knight (D)
  A draconian scorcher (D)
  A vault warden (D)
  Louise (D)
  4 emperor scorpions (D)
  5 ironheart preservers (D)
  2 vampire knights (D)
  A war gargoyle (D)
  A very ugly thing (D)
  2 green draconians (D)
  A black draconian (D)
  Nessos (D)
  3 purple draconians (D)
  2 stone giants (D)
  A red draconian (D)
  A white draconian (D)
  Azrael (D)
  2 ettins (D)
  A fire dragon (D)
  A merfolk impaler (D)
  3 merfolk javelineers (D)
  Josephine (D)
  2 yaktaur captains (D)
  A great orb of eyes (D)
  2 rakshasas (D)
  5 hydras (D)
  An anaconda (D)
  3 naga warriors (D)
  25 vault guards (D)
  An ice dragon (D)
  5 ogre magi (D)
  6 merfolk aquamancers (D)
  A ghost crab (D)
  2 death yaks (D)
  A deep troll earth mage (D)
  2 deep troll shamans (D)
  2 tengu warriors (D)
  A naga sharpshooter (D)
  4 orc high priests (D)
  Nergalle (D)
  A deep elf knight (D)
  A sea snake (D)
  A deep elf archer (D)
  8 swamp dragons (D)
  An ironbrand convoker (D)
  A naga ritualist (D)
  A harpy (D)
  A shambling mangrove (D)
  2 wolf spiders (D)
  A merfolk siren (D)
  A manticore (D)
  3 moths of wrath (D)
  3 ugly things (D)
  An elephant (D)
  A water nymph (D)
  4 black mambas (D)
  2 vault sentinels (D)
  3 naga magi (D)
  Joseph (D)
  2 spiny frogs (D)
  3 yaktaurs (D)
  An efreet (D)
  A komodo dragon (D)
  A demonic crawler (D)
  A hornet (D)
  2 jumping spiders (D)
  2 merfolk (D)
  2 slime creatures (D)
  A snapping turtle (D)
  A raiju (shapeshifter) (D)
  2 hippogriffs (D)
  A spriggan (D)
  A tarantella (D)
  4 wraiths (D)
  A fire elemental (D)
  6 yaks (D)
  A naga (D)
  2 acid dragons (D)
  5 hell hounds (D)
  A porcupine (D)
  A water moccasin (D)
  3 swamp drakes (D)
  An ogre (D)
  2 centaurs (D)
  4 wolves (D)
  2 bullfrogs (D)
  2 howler monkeys (D)
  A crimson imp (D)
  A jelly (D)
  10 orc priests (D)
  2 orc wizards (D)
  2 adders (D)
  3 orcs (D)
  A giant cockroach (D)
  A goblin (D)
  2 hobgoblins (D)
  A bat simulacrum (D)
  A kobold (D)
281 creatures vanquished.

Vanquished Creatures (collateral kills)
  Xtahua (D)
  A tentacled monstrosity (D)
  2 Orb Guardians (D)
  Agnes (D)
  A storm dragon (D)
  A frost giant (D)
  A draconian knight (D)
  A vault warden (D)
  2 ghost moths (D)
  A draconian scorcher (D)
  3 emperor scorpions (D)
  2 very ugly things (D)
  A green draconian (D)
  2 purple draconians (D)
  A white draconian (D)
  A yellow draconian (D)
  2 red draconians (D)
  2 merfolk impalers (D)
  A merfolk javelineer (D)
  A deep elf high priest (D)
  A yaktaur captain (D)
  A spriggan air mage (D)
  2 ice dragons (D)
  A death yak (D)
  3 spriggan berserkers (D)
  A deep elf knight (D)
  A glowing orange brain (D)
  2 ironbrand convokers (D)
  4 orc knights (D)
  2 wolf spiders (D)
  2 deep elf magi (D)
  6 moths of wrath (D)
  An orc sorcerer (D)
  A cyclops (D)
  An ugly thing (D)
  A vault sentinel (D)
  A spiny frog (D)
  A komodo dragon (D)
  A demonic crawler (D)
  3 yaktaurs (D)
  A guardian mummy (D)
  A tengu conjurer (D)
  A hornet (shapeshifter) (D)
  A merfolk (D)
  A hippogriff (D)
  2 redbacks (D)
  A yak (D)
  A water moccasin (D)
  A porcupine (D)
  5 orc warriors (D)
  A tengu (shapeshifter) (D)
  A crocodile (D)
  3 orc priests (D)
  3 orc wizards (D)
  7 orcs (D)
94 creatures vanquished.

Vanquished Creatures (others)
  A shadow dragon (D)
  A storm dragon (D)
  2 draconian scorchers (D)
  A draconian shifter (D)
  A white draconian (D)
  A yaktaur captain (D)
  An ice dragon (D)
  An alligator (D)
  A spriggan (D)
  A shambling mangrove (D)
  2 hornets (D)
  A slime creature (D)
14 creatures vanquished.

Grand Total: 389 creatures vanquished

Notes
Turn   | Place    | Note
-------+----------+-------------------------------------------
     0 | D        | Psiloshibe the Barachi Berserker began the quest for the Orb.
     0 | D        | Reached XP level 1. HP: 18/18 MP: 1/1
    12 | D        | Reached ** piety under Trog
    12 | D        | Reached skill level 1 in Throwing
   121 | D        | Noticed a howler monkey
   121 | D        | Noticed a jelly
   121 | D        | Noticed a crimson imp
   127 | D        | Reached skill level 5 in Long Blades
   127 | D        | Reached XP level 2. HP: 26/26 MP: 2/2
   129 | D        | Reached *** piety under Trog
   129 | D        | Reached skill level 5 in Fighting
   129 | D        | Reached XP level 3. HP: 34/34 MP: 3/3
   134 | D        | Reached XP level 4. HP: 41/41 MP: 4/4
   136 | D        | Reached XP level 5. HP: 47/47 MP: 5/5
   146 | D        | Found a roughly hewn altar of Beogh.
   146 | D        | Found a snail-covered altar of Cheibriados.
   146 | D        | Found a shadowy altar of Dithmenos.
   146 | D        | Found a white marble altar of Elyvilon.
   146 | D        | Found a blossoming altar of Fedhas.
   146 | D        | Found an opulent altar of Gozag.
   146 | D        | Found a hazy altar of Hepliaklqana.
   147 | D        | Found a viscous altar of Jiyva.
   148 | D        | Found an ancient bone altar of Kikubaaqudgha.
   149 | D        | Found a corrupted altar of Lugonu.
   150 | D        | Found a burning altar of Makhleb.
   151 | D        | Found a sparkling altar of Nemelex Xobeh.
   152 | D        | Found an iron altar of Okawaru.
   153 | D        | Found a stormy altar of Qazlal.
   154 | D        | Found a sacrificial altar of Ru.
   155 | D        | Found a deep blue altar of Sif Muna.
   156 | D        | Found a bloodstained altar of Trog.
   157 | D        | Found a hide-covered altar of Uskayaw.
   158 | D        | Found a radiant altar of Vehumet.
   159 | D        | Found an ornate altar of the Wu Jian Council.
   160 | D        | Found a shimmering altar of Xom.
   161 | D        | Found a basalt altar of Yredelemnul.
   162 | D        | Found a glowing silver altar of Zin.
   163 | D        | Found a glowing golden altar of the Shining One.
   181 | D        | Got the +2 scimitar "Loemo" {protect, rPois MR+ Int+3}
   212 | D        | Noticed an ogre
   212 | D        | Noticed a centaur
   218 | D        | Reached **** piety under Trog
   225 | D        | Killed a centaur
   227 | D        | Reached skill level 5 in Throwing
   228 | D        | Reached XP level 6. HP: 57/57 MP: 6/6
   236 | D        | Reached ***** piety under Trog
   236 | D        | Reached skill level 10 in Long Blades
   246 | D        | Noticed a hippogriff
   246 | D        | Noticed a brown ugly thing
   246 | D        | Noticed a tengu warrior
   246 | D        | Noticed a yak
   250 | D        | Killed a yak
   250 | D        | Reached skill level 5 in Armour
   250 | D        | Reached skill level 5 in Dodging
   250 | D        | Reached XP level 7. HP: 47/65 MP: 7/7
   261 | D        | Killed a tengu warrior
   261 | D        | Reached skill level 10 in Fighting
   261 | D        | Reached XP level 8. HP: 74/74 MP: 8/8
   265 | D        | Killed a brown ugly thing
   270 | D        | Killed a hippogriff
   398 | D        | Noticed an elephant
   398 | D        | Noticed a yak
   398 | D        | Noticed a komodo dragon
   398 | D        | Noticed a komodo dragon
   398 | D        | Noticed a spiny frog
   408 | D        | Killed a spiny frog
   408 | D        | Received a gift from Trog
   408 | D        | Reached skill level 15 in Long Blades
   408 | D        | Reached XP level 9. HP: 55/82 MP: 9/9
   414 | D        | Killed a komodo dragon
   430 | D        | Killed a komodo dragon
   430 | D        | Received a gift from Trog
   450 | D        | Killed an elephant
   459 | D        | Received a gift from Trog
   492 | D        | Noticed a spiny frog
   492 | D        | Noticed a spiny frog
   498 | D        | Killed a spiny frog
   498 | D        | Reached skill level 10 in Throwing
   503 | D        | Reached XP level 10. HP: 37/92 MP: 10/10
   514 | D        | Killed a spiny frog
   514 | D        | Received a gift from Trog
   517 | D        | Received a gift from Trog
   535 | D        | Noticed a death yak
   535 | D        | Noticed a death yak
   535 | D        | Noticed a death yak
   539 | D        | Killed a death yak
   551 | D        | Killed a death yak
   560 | D        | Killed a death yak
   567 | D        | Received a gift from Trog
   800 | D        | Noticed Joseph
   812 | D        | Killed Joseph
   888 | D        | Noticed an orc knight
   889 | D        | Reached XP level 11. HP: 84/101 MP: 11/11
   890 | D        | Received a gift from Trog
   898 | D        | Killed an orc knight
   901 | D        | Reached ****** piety under Trog
   905 | D        | Received a gift from Trog
   954 | D        | Noticed an orc knight
   954 | D        | Noticed an orc knight
   962 | D        | Noticed an orc knight
   962 | D        | Killed an orc knight
   964 | D        | Killed an orc knight
   967 | D        | Received a gift from Trog
   970 | D        | Noticed an orc sorcerer
   970 | D        | Killed an orc knight
   970 | D        | Reached skill level 15 in Fighting
   975 | D        | Killed an orc sorcerer
   975 | D        | Received a gift from Trog
   976 | D        | Received a gift from Trog
  1000 | D        | Found Miut's Weapon Boutique.
  1000 | D        | Noticed an orc high priest
  1002 | D        | Received a gift from Trog
  1003 | D        | Killed an orc high priest
  1004 | D        | Received a gift from Trog
  1006 | D        | Received a gift from Trog
  1008 | D        | Found Ydo Qothuorch's Magic Scroll Shop.
  1012 | D        | Found Cesazuso's Antique Armour Boutique.
  1014 | D        | Found Geus's General Store.
  1018 | D        | Noticed an orc high priest
  1020 | D        | Received a gift from Trog
  1021 | D        | Noticed an orc high priest
  1025 | D        | Killed an orc high priest
  1025 | D        | Reached skill level 10 in Armour
  1029 | D        | Noticed an orc high priest
  1029 | D        | Killed an orc high priest
  1029 | D        | Received a gift from Trog
  1032 | D        | Noticed a soul eater
  1036 | D        | Killed an orc high priest
  1315 | D        | Noticed Josephine
  1322 | D        | Killed Josephine
  1325 | D        | Received a gift from Trog
  1473 | D        | Noticed a manticore
  1473 | D        | Noticed a seven-headed hydra
  1483 | D        | Killed a seven-headed hydra
  1484 | D        | Reached skill level 15 in Throwing
  1484 | D        | Killed a manticore
  1484 | D        | Reached XP level 12. HP: 80/111 MP: 12/12
  1485 | D        | Received a gift from Trog
  1489 | D        | Noticed a deep troll earth mage
  1492 | D        | Noticed a rakshasa
  1497 | D        | Killed a deep troll earth mage
  1497 | D        | Received a gift from Trog
  1501 | D        | Killed a rakshasa
  1502 | D        | Noticed a tengu warrior
  1507 | D        | Noticed a great orb of eyes
  1521 | D        | Killed a tengu warrior
  1528 | D        | Killed a great orb of eyes
  1536 | D        | Noticed an ogre mage
  1554 | D        | Received a gift from Trog
  1558 | D        | Killed an ogre mage
  1764 | D        | Noticed Nergalle
  1768 | D        | Killed Nergalle
  1768 | D        | Received a gift from Trog
  1849 | D        | Noticed an emperor scorpion
  1849 | D        | Noticed an emperor scorpion
  1863 | D        | Killed a ghost moth
  1868 | D        | Killed an emperor scorpion
  1870 | D        | Reached skill level 10 in Dodging
  1875 | D        | Reached skill level 1 in Stealth
  1895 | D        | Killed an emperor scorpion
  1895 | D        | Received a gift from Trog
  1946 | D        | Noticed a merfolk impaler
  1946 | D        | Noticed a merfolk javelineer
  1950 | D        | Killed a merfolk impaler
  1950 | D        | Gained mutation: You can hop long distances. [Barachi growth]
  1950 | D        | Reached XP level 13. HP: 115/118 MP: 13/13
  1953 | D        | Received a gift from Trog
  1953 | D        | Received a gift from Trog
  1954 | D        | Killed a merfolk javelineer
  1957 | D        | Received a gift from Trog
  2160 | D        | Noticed a nagaraja
  2163 | D        | Received a gift from Trog
  2164 | D        | Received a gift from Trog
  2167 | D        | Killed a nagaraja
  2168 | D        | Received a gift from Trog
  2173 | D        | Received a gift from Trog
  2174 | D        | Got a slimy rapier {god gift}
  2351 | D        | Noticed Agnes
  2357 | D        | Killed Agnes
  2408 | D        | Noticed a vampire knight
  2408 | D        | Noticed a golden dragon
  2408 | D        | Noticed an ogre mage
  2408 | D        | Noticed a rakshasa
  2410 | D        | Killed a rakshasa
  2411 | D        | Killed a vampire knight
  2412 | D        | Received a gift from Trog
  2413 | D        | Killed a golden dragon
  2413 | D        | Received a gift from Trog
  2413 | D        | Reached XP level 14. HP: 126/128 MP: 14/14
  2435 | D        | Received a gift from Trog
  2445 | D        | Received a gift from Trog
  2471 | D        | Received a gift from Trog
  2525 | D        | Identified the +10 rapier of Weamuut {protect, rC+} (Trog gifted it to you in the Dungeon)
  2534 | D        | Noticed a vault warden
  2547 | D        | Killed a vault warden
  2551 | D        | Noticed an ironheart preserver
  2554 | D        | Noticed a vault warden
  2554 | D        | Received a gift from Trog
  2559 | D        | Received a gift from Trog
  2559 | D        | Received a gift from Trog
  2560 | D        | Noticed a fire giant
  2561 | D        | Killed a vault warden
  2561 | D        | Killed an ironheart preserver
  2562 | D        | Killed a fire giant
  2568 | D        | Noticed an ironheart preserver
  2568 | D        | Noticed a deep elf master archer
  2569 | D        | Noticed a tentacled monstrosity
  2569 | D        | Noticed an Orb Guardian
  2573 | D        | Killed an ironheart preserver
  2573 | D        | Received a gift from Trog
  2583 | D        | Killed an Orb Guardian
  2587 | D        | Killed a deep elf master archer
  2587 | D        | Received a gift from Trog
  2592 | D        | Killed a tentacled monstrosity
  2594 | D        | Reached skill level 15 in Armour
  2603 | D        | Received a gift from Trog
  2607 | D        | Received a gift from Trog
  2608 | D        | Received a gift from Trog
  2902 | D        | Received a gift from Trog
  2907 | D        | Noticed Azrael
  2911 | D        | Received a gift from Trog
  2917 | D        | Killed Azrael
  2917 | D        | Reached XP level 15. HP: 130/138 MP: 15/15
  2929 | D        | Received a gift from Trog
  3110 | D        | Noticed Mara
  3120 | D        | Killed Mara
  3175 | D        | Noticed Louise
  3183 | D        | Killed Louise
  3226 | D        | Noticed Ilsuiw
  3229 | D        | Received a gift from Trog
  3236 | D        | Got a smoking great sword {god gift}
  3279 | D        | Killed Ilsuiw
  3279 | D        | Received a gift from Trog
  3287 | D        | Received a gift from Trog
  3300 | D        | Reached skill level 27 in Throwing
  3315 | D        | Got a barnacled rune of Zot
  3367 | D        | Noticed a nagaraja
  3367 | D        | Noticed a nagaraja
  3367 | D        | Noticed a nagaraja
  3367 | D        | Noticed a nagaraja
  3367 | D        | Noticed a nagaraja
  3369 | D        | Killed a nagaraja
  3370 | D        | Received a gift from Trog
  3370 | D        | Killed a nagaraja
  3371 | D        | Killed a nagaraja
  3374 | D        | Killed a nagaraja
  3374 | D        | Received a gift from Trog
  3381 | D        | Killed a nagaraja
  3394 | D        | Identified the +6 great sword "Tekouvoe" {venom, rF+} (Trog gifted it to you in the Dungeon)
  3482 | D        | Noticed a nagaraja
  3497 | D        | Killed a nagaraja
  3497 | D        | Received a gift from Trog
  3498 | D        | Noticed a nagaraja
  3514 | D        | Killed a nagaraja
  3514 | D        | Received a gift from Trog
  3542 | D        | Reached skill level 1 in Shields
  3544 | D        | Got a serpentine rune of Zot
  3614 | D        | Received a gift from Trog
  3615 | D        | Reached XP level 16. HP: 154/155 MP: 16/16
  3615 | D        | Received a gift from Trog
  3644 | D        | Got a decaying rune of Zot
  3658 | D        | Received a gift from Trog
  3675 | D        | Reached skill level 5 in Shields
  3692 | D        | Received a gift from Trog
  3704 | D        | Received a gift from Trog
  3751 | D        | Received a gift from Trog
  3763 | D        | Got a gossamer rune of Zot
  3782 | D        | Noticed Nikola
  3798 | D        | Killed Nikola
  3846 | D        | Noticed Xtahua
  3848 | D        | Noticed Frederick
  3857 | D        | Killed Xtahua
  3864 | D        | Killed Frederick
  3864 | D        | Received a gift from Trog
  3941 | D        | Reached skill level 10 in Shields
  3941 | D        | Received a gift from Trog
  4001 | D        | Received a gift from Trog
  4009 | D        | Received a gift from Trog
  4053 | D        | Received a gift from Trog
  4053 | D        | Reached XP level 17. HP: 169/169 MP: 17/17
  4079 | D        | Noticed a titan
  4082 | D        | Killed a titan
  4082 | D        | Received a gift from Trog
  4087 | D        | Received a gift from Trog
  4088 | D        | Got a crystal double sword {god gift}
  4099 | D        | Received a gift from Trog
  4119 | D        | Received a gift from Trog
  4119 | D        | Reached skill level 5 in Stealth
  4154 | D        | Reached skill level 15 in Shields
  4159 | D        | Received a gift from Trog
  6885 | D        | Noticed a quicksilver dragon
  6885 | D        | Noticed an ancient lich
  6889 | D        | Noticed a tentacled monstrosity
  6889 | D        | Killed an ancient lich
  6889 | D        | Received a gift from Trog
  6889 | D        | Reached skill level 27 in Fighting
  6891 | D        | Received a gift from Trog
  6891 | D        | Killed a tentacled monstrosity
  6893 | D        | Killed a quicksilver dragon
  6894 | D        | Received a gift from Trog
  6905 | D        | Got a silver rune of Zot
  6918 | D        | Got a transparent jade ring
  6919 | D        | Identified the ring "Motiaw" {rElec rPois Int+4 Dex-5} (You found it in the Dungeon)
  6923 | D        | Got an ebony arbalest
  6929 | D        | Identified the +7 arbalest "Acem" {penet, rPois Int-3 Dex+4} (You found it in the Dungeon)
  6972 | D        | Identified the +8 double sword "Grim" {vamp, rPois rN+} (Trog gifted it to you in the Dungeon)
  7053 | D        | Noticed Jory
  7065 | D        | Killed Jory
  7065 | D        | Reached skill level 27 in Armour
  7124 | D        | Got the ring "Dyrhi" {rPois rC- Str+7 Int+3 SInv}
  7126 | D        | Got the amulet "Laotov" {Faith Int+6 Stlth-}
  7128 | D        | Got the ring "Ludwif" {MR+ Str+3 Stlth+}
  7130 | D        | Got the ring "Izei" {rF+ Dex+3}
  7303 | D        | Noticed Nessos
  7323 | D        | Killed Nessos
  7350 | D        | Received a gift from Trog
  7353 | D        | Received a gift from Trog
  7386 | D        | Received a gift from Trog
  7499 | D        | Noticed a bone dragon
  7511 | D        | Killed a bone dragon
  7515 | D        | Received a gift from Trog
  7521 | D        | Received a gift from Trog
  7557 | D        | Reached XP level 18. HP: 182/182 MP: 18/18
  7569 | D        | Received a gift from Trog
  7604 | D        | Noticed an electric golem
  7604 | D        | Noticed a quicksilver dragon
  7622 | D        | Killed an electric golem
  7625 | D        | Killed a quicksilver dragon
  7640 | D        | Noticed a quicksilver dragon
  7659 | D        | Received a gift from Trog
  7659 | D        | Received a gift from Trog
  7663 | D        | Received a gift from Trog
  7668 | D        | Received a gift from Trog
  7678 | D        | Killed a quicksilver dragon
  7678 | D        | Received a gift from Trog
  7724 | D        | Noticed a golden dragon
  7724 | D        | Noticed a tentacled monstrosity
  7734 | D        | Killed a tentacled monstrosity
  7734 | D        | Received a gift from Trog
  7745 | D        | Reached skill level 15 in Dodging
  7755 | D        | Killed a golden dragon
  7779 | D        | Received a gift from Trog
  7860 | D        | Received a gift from Trog
  8021 | D        | Noticed an Orb Guardian
  8021 | D        | Noticed an Orb Guardian
  8021 | D        | Noticed an Orb Guardian
  8021 | D        | Noticed an Orb Guardian
  8021 | D        | Noticed an Orb Guardian
  8021 | D        | Noticed an Orb Guardian
  8022 | D        | Noticed an Orb Guardian
  8024 | D        | Killed an Orb Guardian
  8025 | D        | Noticed an Orb Guardian
  8025 | D        | Killed an Orb Guardian
  8026 | D        | Killed an Orb Guardian
  8028 | D        | Noticed an Orb Guardian
  8029 | D        | Killed an Orb Guardian
  8030 | D        | Killed an Orb Guardian
  8030 | D        | Reached skill level 27 in Shields
  8030 | D        | Killed an Orb Guardian
  8030 | D        | Killed an Orb Guardian
  8030 | D        | Reached skill level 27 in Long Blades
  8032 | D        | Killed an Orb Guardian
  8032 | D        | Reached skill level 1 in Evocations
  8034 | D        | Killed an Orb Guardian
  8034 | D        | Reached skill level 1 in Short Blades
  8034 | D        | Reached skill level 1 in Unarmed Combat
  8034 | D        | Reached skill level 1 in Spellcasting
  8046 | D        | Noticed an Orb Guardian
  8046 | D        | Noticed a curse toe
  8046 | D        | Noticed a quicksilver dragon
  8046 | D        | Noticed an Orb Guardian
  8046 | D        | Noticed an Orb Guardian
  8052 | D        | Received a gift from Trog
  8054 | D        | Killed an Orb Guardian
  8062 | D        | Killed an Orb Guardian
  8072 | D        | Killed a quicksilver dragon
  8075 | D        | Killed a curse toe
  8075 | D        | Received a gift from Trog
  8075 | D        | Killed an Orb Guardian
  8083 | D        | Noticed an Orb Guardian
  8094 | D        | Killed an Orb Guardian
  8094 | D        | Reached skill level 10 in Stealth
  8094 | D        | Reached XP level 19. HP: 110/189 MP: 20/20
  8189 | D        | Noticed an ancient lich
  8195 | D        | Killed an ancient lich
  8195 | D        | Reached skill level 1 in Axes
  8198 | D        | Noticed an orb of fire
  8208 | D        | Gained mutation: Your natural rate of healing is unusually fast. [an orb of fire]
  8215 | D        | Gained mutation: You are agile. (Dex +2) [an orb of fire]
  8217 | D        | Killed an orb of fire
  8217 | D        | Received a gift from Trog
  8302 | D        | Noticed an electric golem
  8309 | D        | Killed an electric golem
  8336 | D        | Noticed an electric golem
  8336 | D        | Noticed an ancient lich
  8336 | D        | Noticed an electric golem
  8336 | D        | Noticed an electric golem
  8336 | D        | Noticed an orb of fire
  8336 | D        | Noticed an orb of fire
  8337 | D        | Noticed an orb of fire
  8340 | D        | Gained mutation: Your spells are a little easier to cast, but a little less powerful. [an orb of fire]
  8342 | D        | Killed an electric golem
  8343 | D        | Killed an orb of fire
  8343 | D        | Reached skill level 15 in Stealth
  8343 | D        | Reached skill level 10 in Unarmed Combat
  8343 | D        | Killed an ancient lich
  8343 | D        | Killed an electric golem
  8343 | D        | Received a gift from Trog
  8343 | D        | Killed an electric golem
  8344 | D        | Noticed a Killer Klown
  8346 | D        | Noticed an orb of fire
  8346 | D        | Killed a Killer Klown
  8346 | D        | Received a gift from Trog
  8455 | D        | Noticed an electric golem
  8455 | D        | Gained mutation: You have an increased reservoir of magic. (+10% MP) [an orb of fire]
  8456 | D        | Killed an orb of fire
  8458 | D        | Gained mutation: Your body sometimes deteriorates upon taking damage. [an orb of fire]
  8463 | D        | Gained mutation: You are weak. (Str -2) [an orb of fire]
  8464 | D        | Gained mutation: You are very weak. (Str -4) [an orb of fire]
  8465 | D        | Killed an orb of fire
  8465 | D        | Reached skill level 15 in Unarmed Combat
  8465 | D        | Killed from afar by an orb of fire

Skill      XL: |  1  2  3  4  5  6  7  8  9 10 11 12 13 14 15 16 17 18 19 |
---------------+----------------------------------------------------------+-----
Long Blades    | 5 6 7 9 11 13 15 16 18 19 20 21 22 24 25 27 | 27.0
Fighting       | 4 5 6 8 9 10 11 13 14 15 16 17 18 22 25 27 | 27.0
Throwing       | 1 2 3 5 6 7 8 10 11 15 19 23 25 27 | 27.0
Armour         | 3 4 5 6 7 9 10 11 13 15 19 23 27 | 27.0
Dodging        | 3 4 5 6 7 8 9 10 11 12 14 20 24 | 24.9
Stealth        | 1 2 4 5 10 18 | 18.0
Shields        | 1 12 21 27 | 27.0
Evocations     | 2 3 |  3.6
Short Blades   | 2 4 |  4.1
Unarmed Combat | 1 15 | 15.6
Spellcasting   | 1 |  1.0
Axes           | 2 |  2.9

Action                   |  1- 3 |  4- 6 |  7- 9 | 10-12 | 13-15 | 16-18 | 19-21 || total
-------------------------+-------+-------+-------+-------+-------+-------+-------++-------
Melee: Falchion          |    22 |     2 |       |       |       |       |       ||    24
       Scimitar          |       |    25 |    46 |       |       |       |       ||    71
       Long sword        |       |       |    10 |    63 |       |       |       ||    73
       Triple sword      |       |       |       |     9 |    16 |       |       ||    25
       Great sword       |       |       |       |       |    44 |       |       ||    44
       Demon blade       |       |       |       |       |    86 |   243 |     8 ||   337
       Double sword      |       |       |       |       |       |    14 |     6 ||    20
 Fire: Blowgun           |       |       |       |       |       |    30 |       ||    30
Throw: Tomahawk          |       |       |     5 |    45 |     3 |    11 |       ||    64
       Javelin           |       |       |       |    49 |    91 |   109 |    33 ||   282
       Throwing net      |       |       |       |       |       |     2 |       ||     2
Invok: Trog's Hand       |     1 |     1 |     3 |     4 |     4 |     7 |     2 ||    22
       Berserk           |     1 |       |     1 |       |     2 |     1 |       ||     5
       Brothers in Arms  |       |       |     2 |     7 |     7 |     3 |     3 ||    22
 Abil: Hop               |       |       |       |     1 |       |     2 |     1 ||     4
Evoke: Wand              |       |       |     1 |     1 |       |       |       ||     2
  Use: Potion            |       |       |       |     1 |       |     2 |     2 ||     5
       Scroll            |       |       |       |       |       |     9 |       ||     9
  Eat: Chunk             |       |       |     3 |     9 |    12 |    12 |       ||    36
       Ration            |       |       |       |       |       |     4 |     1 ||     5
Armor: Animal skin       |     2 |       |       |       |       |       |       ||     2
       Scale mail        |       |     9 |     9 |     7 |       |       |       ||    25
       Swamp dragon scal |       |       |       |    25 |    13 |       |       ||    38
       Gold dragon scale |       |       |       |       |    63 |   116 |     4 ||   183
Dodge: Dodged            |    10 |    14 |    45 |    47 |    76 |    45 |    16 ||   253
Block: Large shield      |       |       |       |       |    12 |   264 |    13 ||   289
       Reflection        |       |       |       |       |       |     4 |       ||     4
       Rpst.: Falchion   |     7 |       |       |       |       |       |       ||     7
       Scimitar          |       |     4 |    12 |       |       |       |       ||    16
       Long sword        |       |       |     1 |     9 |       |       |       ||    10
       Triple sword      |       |       |       |     3 |     7 |       |       ||    10
       Great sword       |       |       |       |       |     1 |       |       ||     1
       Demon blade       |       |       |       |       |     3 |     3 |       ||     6
       Double sword      |       |       |       |       |       |     2 |       ||     2
